 Dungeon Crawl Stone Soup version 0.30.1-11-g7821555f0a (webtiles) character file.

Game seed: 16828212768559108291

156 Kagerus the Digger (level 5, -1/30 HPs)
             Began as a Gargoyle Earth Elementalist on Nov 7, 2023.
             Slain by a goblin
             ... wielding a +0 dagger
             ... led by Robin
              (3 damage)
             ... on level 4 of the Dungeon.
             The game lasted 00:15:34 (2879 turns).

Kagerus the Digger (Gargoyle Earth Elementalist)    Turns: 2879, Time: 00:15:35

Health: -1/30      AC:  6    Str: 12    XL:     5   Next: 37%
Magic:  7/9        EV: 11    Int: 17    God:
Gold:   116        SH:  0    Dex: 10    Spells: 4/10 levels left

rFire   . . .        m - +0 mace
rCold   . . .        (no shield)
rNeg    + . .        a - +0 robe
rPois   ∞            (no helmet)
rElec   +            (no cloak)
rCorr   .            (no gloves)
SInv    .            (no boots)
Will    .....        (no amulet)
Stlth   ++           (no ring)
HPRegen 0.25/turn    (no ring)
MPRegen 0.11/turn

%: no passive effects
@: very slightly contaminated
A: sickness immunity, AC +4, negative energy resistance 1, electricity
resistance, torment resistance 1, petrification resistance
a: no special abilities


You were on level 4 of the Dungeon.
You visited 1 branch of the dungeon, and saw 4 of its levels.

You collected 116 gold pieces.

Inventory:

Hand Weapons
 g - a +0 club
 m - a +0 mace (weapon)
Armour
 a - a +0 robe (worn)
Scrolls
 f - a scroll of teleportation
 i - a scroll of blinking
Potions
 c - 2 potions of heal wounds
 d - a potion of berserk rage
 e - a potion of flight {unknown}
 h - a potion of brilliance {unknown}
 k - a potion of curing {unknown}
 l - a potion of haste


   Skills:
 + Level 2.1 Fighting
 - Level 1.5 Dodging
 - Level 2.1 Stealth
 - Level 3.0 Spellcasting
 * Level 3.1 Conjurations
 - Level 0.7 Transmutations
 - Level 4.4 Earth Magic


You had 4 spell levels left.
You knew the following spells:

 Your Spells              Type           Power      Damage    Failure   Level
a - Sandblast             Erth           34%        2d9       3%          1
b - Passwall              Tmut/Erth      9%         N/A       10%         2
c - Stone Arrow           Conj/Erth      30%        3d8       11%         3

Your spell library contained the following spells:

 Spells                   Type           Power      Damage    Failure   Level
 Static Discharge         Conj/Air       14%        2-3/arc   14%         2
 Frozen Ramparts          Ice            4%         1d1       45%         3
 Petrify                  Tmut/Erth      11%        N/A       52%         4
 Ice Form                 Ice/Tmut       3%         N/A       83%         4
 Airstrike                Air            1%         2d(1-17)  86%         4
 Summon Ice Beast         Ice/Summ       2%         N/A       86%         4
 Summon Lightning Spire   Summ/Air       2%         N/A       86%         4


Dungeon Overview and Level Annotations

Branches:
Dungeon (3/15)

Altars:

Shops:
D:1 *

Annotations:
D:2 Sigmund
D:4 Robin


Innate Abilities, Weirdness & Mutations

You are immune to sickness and miasma.
Your stone body is resilient. (AC +4)
You are immune to poison.
You resist negative energy. (rN+)
You are resistant to electric shocks. (rElec)
You are resistant to unholy torment.
You are immune to petrification.


Message History

The goblin misses you. The goblin attacks as you move away!
The goblin closely misses you.
The goblin no longer looks unusually strong.
The hobgoblin no longer looks unusually strong.
The goblin no longer looks unusually strong.
Casting: Sandblast (safe; 3% risk of failure)
Confirm with . or Enter, or press ? or * to list all spells.
Aiming: Passwall (safe; 10% risk of failure)
Press: ? - help, Dir - move target A rock wall.
You miscast Passwall.
You are very lightly contaminated with residual magic.
Nothing appears to happen.
The goblin completely misses you.
The hobgoblin hits you but does no damage.
Robin says, "Kneel, worm!"
Robin throws the goblin at you!
Casting: Passwall (safe; 10% risk of failure)
Confirm with . or Enter, or press ? or * to list all spells.
You don't have enough magic to cast this spell.
Magic courses through your body. The goblin closely misses you.
The hobgoblin hits you.
Robin roars a battlecry!
The goblins go into a battle-frenzy!
Casting: Passwall (safe; 10% risk of failure)
Confirm with . or Enter, or press ? or * to list all spells.
Aiming: Passwall (safe; 10% risk of failure)
Press: ? - help, Dir - move target A rock wall.
The goblin hits you but does no damage. The hobgoblin hits you.
* * * LOW HITPOINT WARNING * * *
The hobgoblin hits you.
* * * LOW HITPOINT WARNING * * *
Robin throws the goblin at you!
The goblin unwields a +0 sling.
The goblin wields a +0 dagger.
The goblin hits you with a +0 dagger.
* * * LOW HITPOINT WARNING * * *
You begin to meditate on the wall.
You continue meditating on the rock.
The goblin barely misses you. The hobgoblin misses you.
The hobgoblin hits you but does no damage.
The goblin hits you with a +0 dagger.
You die...

#....##......##...###..###...
#....##......##...###..######
#............................
#............................
##........................†..
##.................##...##...
#....##########....##)..##...
#....##....gg##....'....#....
#....'.....g@#.....#....#....
#....#.....gg#.....#....#....
#....#......g#.....#....#....
###)###..##..###.).#######...
...##..##### ##### ####
#........ '........#
.#......... #...##..#


You could see Robin, 2 hobgoblins and 3 goblins.

Vanquished Creatures
  A jelly (D:4)
  An orc wizard (D:3)
  2 adders
  3 worms
  2 dart slugs (D:1)
  3 orcs (D:3)
  4 giant cockroaches
  7 goblins
  5 hobgoblins
  10 jackals
  4 kobolds
  4 quokkas
  5 ball pythons
  7 bats
  A frilled lizard (D:1)
  A rat (D:1)
60 creatures vanquished.

Notes
Turn   | Place    | Note
-------+----------+-------------------------------------------
     0 | D:1      | Kagerus the Gargoyle Earth Elementalist began the quest for
                  | the Orb.
     0 | D:1      | Reached XP level 1. HP: 10/10 MP: 3/3
    82 | D:1      | Reached skill level 4 in Earth Magic
    82 | D:1      | Reached XP level 2. HP: 10/15 MP: 0/5
   413 | D:1      | Learned a level 2 spell: Passwall
   537 | D:1      | Reached XP level 3. HP: 19/19 MP: 2/6
   743 | D:1      | Found a faded altar of an unknown god.
   897 | D:1      | Found Turov's General Store.
   926 | D:1      | Learned a level 3 spell: Stone Arrow
  1628 | D:2      | Reached skill level 1 in Conjurations
  1650 | D:2      | Reached skill level 1 in Fighting
  1682 | D:2      | Reached XP level 4. HP: 25/25 MP: 5/8
  1732 | D:2      | Noticed Sigmund
  2666 | D:3      | You fall into a shaft and drop 1 floor!
  2672 | D:4      | Noticed Robin
  2692 | D:4      | Reached XP level 5. HP: 15/30 MP: 6/9
  2716 | D:4      | Noticed an ogre
  2879 | D:4      | Slain by a goblin

Illustrated notes

Levels and vault maps discovered:
D:1:      spicycebolla_green_bress_n_ham, layout_basic,
          shapermc_ecumenical_altar_mp_highgroup, serial_shops,
          nicolae_shop_rolling_square
D:2:      layout_loops_ring, uniq_sigmund
D:3:      layout_loops_ring, mainiacjoe_overflow_six_doors_small
D:4:      layout_gridville, serial_shops, nicolae_shop_overgrown_old_shop,
          uniq_edmund, uniq_robin

Skill      XL: |  1  2  3  4  5 |
---------------+----------------+-----
Earth Magic    | 4 |  4.4
Conjurations   | 1 2 3 |  3.1
Fighting       | 1 2 |  2.1
Spellcasting   | 3 |  3.0
Dodging        | |  1.5
Stealth        | |  2.1
Transmutations | |  0.7

Action                     |  1- 3 |  4- 6 || total
---------------------------+-------+-------++-------
  Melee: Unarmed           |     4 |       ||     4
         Mace              |    10 |    17 ||    27
   Cast: Sandblast         |    54 |    48 ||   102
         Passwall          |     1 |     2 ||     3
    Use: Scroll            |       |     7 ||     7
         Potion            |       |     4 ||     4
 Armour: Robe              |    27 |    32 ||    59
  Dodge: Dodged            |    55 |    46 ||   101
